 Dungeon Crawl Stone Soup version 0.30-a0-989-g0d87f670db (webtiles) character file.

Game seed: 8491584715552722537

301 Pimp the Trooper (level 6, -6/50 HPs)
             Began as a Barachi Fighter on Apr 3, 2023.
             Mangled by a mummy (8 damage)
             ... in an ossuary.
             The game lasted 00:06:10 (3074 turns).

Pimp the Trooper (Barachi Fighter)                  Turns: 3074, Time: 00:06:11

Health: -6/50      AC:  7    Str: 17    XL:     6   Next: 37%
Magic:  9/9        EV:  8    Int: 10    God:
Gold:   1199       SH:  9    Dex: 12    Spells: 9/9 levels left

rFire   . . .      SeeInvis .    a - +1 war axe
rCold   . . .      Faith    .    i - +0 kite shield
rNeg    . . .      Spirit   .    b - +0 scale mail
rPois   .          Reflect  .    (no helmet)
rElec   .          Rampage  .    (no cloak)
rCorr   .                        (no gloves)
Will    .....                    (no boots) Stlth
                                 (no amulet)
HPRegen 0.28/turn                (no ring)
MPRegen 0.11/turn                (no ring)

@: mighty, hasted, quick
A: amphibious, slowness 1, strong legs 1, +LOS
a: Hop


You were in an ossuary.
You visited 1 branch of the dungeon, and saw 4 of its levels.
You also visited: Ossuary.

You collected 1199 gold pieces.

Inventory:

Hand Weapons
 a - a +1 war axe (weapon)
Armour
 b - a +0 scale mail (worn)
 c - a +0 buckler
 i - a +0 kite shield (worn)
Scrolls
 m - 2 scrolls of identify
Potions
 e - a potion of magic
 f - a potion of brilliance
 h - 3 potions of flight
 k - a potion of invisibility
 n - a potion of curing {unknown}
 r - 2 potions of cancellation {unknown}


   Skills:
 + Level 4.8 Fighting
 + Level 3.6 Axes
 + Level 4.8 Armour
 + Level 2.1 Dodging
 + Level 4.2 Shields
 + Level 2.0 Spellcasting


You had 9 spell levels left.
You didn't know any spells.
Your spell library was empty.

Dungeon Overview and Level Annotations

Branches:
Dungeon (4/15)            Ossuary (1/1)
 Temple: D:4-7

Altars:
Trog


Innate Abilities, Weirdness & Mutations

You are amphibious.
You cover ground slowly.
You can hop short distances.
You have an extended range of vision and can be seen from far away.


Message History

The kobold zombie hits you but does no damage.
The mummy hits you!
* * * LOW HITPOINT WARNING * * *
You feel much better. You block the kobold zombie's attack.
You barely miss the mummy.
The mummy is almost destroyed.
You barely miss the kobold zombie. The mummy hits you!
* * * LOW HITPOINT WARNING * * *
You hit the mummy.
You destroy the mummy!
You slash the kobold zombie!
You destroy the kobold zombie!
An orc zombie comes into view.
An orc zombie is nearby! 2 mummies come into view.
An orc zombie is nearby!
An orc zombie is nearby!
There is a gate leading back out of this place here.
The orc zombie hits you.
You hit the orc zombie.
The orc zombie is severely damaged.
The orc zombie closely misses you.
You hit the orc zombie.
You destroy the orc zombie!
You barely miss the mummy. You hit the mummy.
The mummy is lightly damaged.
You hit the mummy but do no damage. The mummy hits you!
* * * LOW HITPOINT WARNING * * *
The mummy hits you but does no damage.
You hit the mummy.
The mummy is heavily damaged.
You barely miss the mummy. The mummy hits you but does no damage.
You feel very mighty all of a sudden. The mummy hits you!
* * * LOW HITPOINT WARNING * * *
You hit the mummy.
The mummy is severely damaged.
You barely miss the mummy. The mummy hits you!
You die...

..............
#........#
#......#
##....##
#....# #....#
#....# #.MM.#
#.@..# #....#
#....# #.∩∩.#
######


You could see 2 mummies.

Vanquished Creatures
  A scorpion (D:3)
  Jessica (D:3)
  5 mummies
  4 gnolls (D:2)
  3 adders (D:3)
  3 dart slugs
  2 orcs (D:3)
  5 ball pythons
  7 endoplasms
  4 giant cockroaches
  8 goblins
  10 hobgoblins
  7 jackals
  2 quokkas
  4 bats
  A goblin zombie (D:4)
  2 hobgoblin zombies (Ossuary)
  6 kobolds
  4 kobold zombies (Ossuary)
  2 orc zombies (Ossuary)
  4 rats
85 creatures vanquished.

Notes
Turn   | Place    | Note
-------+----------+-------------------------------------------
     0 | D:1      | Pimp the Barachi Fighter began the quest for the Orb.
     0 | D:1      | Reached XP level 1. HP: 18/18 MP: 1/1
   133 | D:1      | Reached XP level 2. HP: 24/25 MP: 2/2
   581 | D:1      | Reached XP level 3. HP: 28/30 MP: 3/3
  1662 | D:2      | Reached skill level 1 in Dodging
  1662 | D:2      | Reached XP level 4. HP: 37/37 MP: 5/5
  1672 | D:2      | Reached skill level 1 in Spellcasting
  2039 | D:3      | Identified a scroll of acquirement
  2039 | D:3      | Acquired 964 gold pieces
  2090 | D:3      | Noticed a scorpion
  2101 | D:3      | Killed a scorpion
  2102 | D:3      | Reached XP level 5. HP: 18/43 MP: 5/7
  2198 | D:3      | Found a bloodstained altar of Trog.
  2615 | D:3      | Noticed Jessica
  2619 | D:3      | Killed Jessica
  2633 | D:3      | Reached XP level 6. HP: 47/49 MP: 8/8
  2993 | D:4      | Found a sand-covered staircase.
  3007 | Ossuary  | Entered an ossuary
  3040 | Ossuary  | HP: 2/50 [mummy (16)]
  3073 | Ossuary  | HP: 2/50 [mummy (7)]
  3074 | Ossuary  | Mangled by a mummy

Illustrated notes

Levels and vault maps discovered:
D:1:      evilmike_arrival_fibonacci_small, layout_loops_corners, st_stairs_5,
          dk_noncrumbling_2
D:2:      layout_basic, minmay_misc_feat_alley
D:3:      layout_basic, bloody_trog, uniq_jessica
D:4:      layout_cave_pools, nicolae_ossuary_entry_giza
Ossuary:  ossuary_tomb_3

Skill      XL: |  1  2  3  4  5  6 |
---------------+-------------------+-----
Fighting       | 4 |  4.8
Armour         | 4 |  4.8
Dodging        | 1 2 |  2.1
Spellcasting   | 1 2 |  2.0
Axes           | 3 |  3.6
Shields        | 4 |  4.2

Action                     |  1- 3 |  4- 6 || total
---------------------------+-------+-------++-------
  Melee: War axe           |   102 |   116 ||   218
    Use: Scroll            |       |    14 ||    14
         Potion            |       |     4 ||     4
 Armour: Scale mail        |    50 |    54 ||   104
  Dodge: Dodged            |    46 |    64 ||   110
  Block: Buckler           |     3 |       ||     3
         Kite shield       |    52 |    62 ||   114

Table legend: (Time is in decaauts)
 A = Elapsed time spent in this place.
 B = Non-inter-level travel time spent in this place.
 C = Inter-level travel time spent in this place.
 D = Time resting spent in this place.
 E = Time spent auto-exploring this place.
 F = Levels seen in this place.
 G = Mean time per level.
                   A        B        C        D        E       F      G
               +--------+--------+--------+--------+--------+-----+--------+
         Total |   3649 |   3362 |    287 |    101 |   2489 |   5 |  729.8 |
       Dungeon |   3583 |   3296 |    287 |     87 |   2489 |   4 |  895.8 |
       Ossuary |     66 |     66 |      0 |     14 |      0 |   1 |   66.0 |
               +--------+--------+--------+--------+--------+-----+--------+

Top non-repeatable levels by time:
     D:1: 1335 daAuts
     D:2: 1092 daAuts
     D:3: 1007 daAuts
     D:4: 148 daAuts
 Ossuary: 66 daAuts
